 Dungeon Crawl Stone Soup version 0.31-a0-151-ge443d1f16c (webtiles) character file.

Game seed: 890393178189630175

86 qw the Shooter (level 4, -2/28 HPs)
             Began as a Gargoyle Hunter on June 8, 2023.
             Slain by Pargi (4 damage)
             ... in a sewer.
             The game lasted 00:00:46 (2220 turns).

qw the Shooter (Gargoyle Hunter)                    Turns: 2220, Time: 00:00:47

Health: -2/28      AC:  8    Str: 13 (15) XL:     4   Next: 50%
Magic:  4/4        EV: 10    Int:  2 (4)  God:
Gold:   105        SH:  0    Dex: 16 (19) Spells: 3/3 levels left

rFire   . . .        Y - +0 shortbow
rCold   . . .        (shield currently unavailable)
rNeg    + . .        e - +0 ring mail
rPois   inf          (no helmet)
rElec   +            (no cloak)
rCorr   +            (no gloves)
SInv    .            (no boots)
Will    .....        b - amulet of Ine Ynini {Faith +Blink rCorr Int-5 Dex+4}
Stlth   +            (no ring)
HPRegen 0.24/turn    (no ring)
MPRegen 0.09/turn

%: faith
@: no status effects
A: sickness immunity, AC +3, negative energy resistance 1, electricity
resistance, torment resistance 1, petrification resistance
a: Evoke Blink


You were in a sewer.
You visited 1 branch of the dungeon, and saw 3 of its levels.
You also visited: Sewer.

You collected 105 gold pieces.


Innate Abilities, Weirdness & Mutations

You are immune to sickness and miasma.
Your stone body is resilient. (AC +3)
You are immune to poison.
You resist negative energy. (rN+)
You are resistant to electric shocks. (rElec)
You are resistant to unholy torment.
You are immune to petrification.


   Skills:
 - Level 3.1 Fighting
 + Level 5.2 Ranged Weapons
 - Level 1.1 Armour
 - Level 1.5 Dodging
 - Level 1.1 Stealth


You had 3 spell levels left.
You didn't know any spells.
Your spell library was empty.

Inventory:

Hand Weapons
 Y - a +0 shortbow (weapon)
Armour
 e - a +0 ring mail (worn)
Jewellery
 b - the amulet of Ine Ynini (around neck) {Faith +Blink rCorr Int-5 Dex+4}
   (You acquired it on level 3 of the Dungeon)

   [amulet of faith]

   It allows you to gain divine favour quickly.
   Int:       It affects your intelligence (-5).
   Dex:       It affects your dexterity (+4).
   +Blink:    It lets you blink.
   rCorr:     It protects you from acid and corrosion.
Scrolls
 a - a scroll of identify
Potions
 c - 3 potions of cancellation
 d - 2 potions of curing
 f - a potion of heal wounds {unknown}
 g - a potion of invisibility {unknown}
 i - a potion of might {unknown}

Dungeon Overview and Level Annotations

Branches:
Dungeon (3/15)              Sewer (1/1)

Altars:

Annotations:
Sewer Pargi


Message History

You shoot an arrow. The arrow closely misses Pargi.
Pargi bites you but does no damage. Pargi closely misses you. Pargi claws you.
You shoot an arrow. The arrow barely misses Pargi.
Pargi bites you but does no damage. Pargi claws you but does no damage. x2
You shoot an arrow. The arrow closely misses Pargi.
Pargi barely misses you. Pargi claws you but does no damage.
Pargi barely misses you. Pargi bites you. Pargi claws you but does no damage.
Pargi closely misses you.
You shoot an arrow. The arrow barely misses Pargi.
Pargi bites you. Pargi claws you but does no damage. x2
You shoot an arrow. The arrow hits Pargi.
Pargi is lightly wounded.
Pargi bites you. Pargi barely misses you. x2
You shoot an arrow. The arrow hits Pargi.
Pargi is moderately wounded.
Pargi bites you but does no damage. Pargi claws you but does no damage. x2
You shoot an arrow. The arrow hits Pargi.
Pargi is moderately wounded.
Pargi bites you but does no damage. Pargi claws you. x2
Pargi hisses menacingly.
Pargi bites you but does no damage. Pargi claws you but does no damage. x2
You shoot an arrow.
The arrow hits Pargi but does no damage.
Pargi is moderately wounded.
Pargi barely misses you. Pargi closely misses you. Pargi claws you.
You shoot an arrow. The arrow closely misses Pargi.
Pargi bites you. Pargi closely misses you. Pargi claws you but does no damage.
You shoot an arrow. The arrow completely misses Pargi.
Pargi barely misses you. Pargi claws you but does no damage. Pargi claws you.
You shoot an arrow. The arrow hits Pargi.
Pargi is moderately wounded.
Pargi bites you but does no damage. Pargi claws you but does no damage.
Pargi claws you.
Pargi snarls, "My home!
Leave!"
Pargi bites you but does no damage. Pargi claws you but does no damage. x2
You shoot an arrow.
The arrow hits Pargi but does no damage.
Pargi is moderately wounded.
Pargi bites you.
You die...

~~~~~~~~~~ ~~~~~~~~##
.~~~~~~~~# ~~~~~~~~#
.~~~~~~~~ ##.~~~~~~#
#..~~~~~~~ #T~~~~~~#
##@~~~~~~# #~~~~~~~~#
###~~~~~~~~#
#~.~~~~~~~~~ ######
#~~~~~~~~~## ~.#.\\.##
##~~~~~~~~~#
~...~~..####~~~~~~~~~~#
~~~~~~~..##~~~~~~~~~~~#
~~~~~~~~~.~~~~~~~~~####


You could see Pargi.

Vanquished Creatures
  3 adders
  A worm (D:3)
  2 dart slugs
  4 ball pythons
  3 endoplasms
  5 giant cockroaches
  5 goblins
  3 hobgoblins
  2 jackals (D:2)
  5 quokkas
  4 bats
  4 frilled lizards
  5 kobolds
  3 rats
49 creatures vanquished.

Notes
Turn   | Place    | Note
-------+----------+-------------------------------------------
     0 | D:1      | qw the Gargoyle Hunter began the quest for the Orb.
     0 | D:1      | Reached XP level 1. HP: 12/12 MP: 1/1
     0 | D:1      | 0 ||| qw: Version: 0.2-a-120-gdf1a93b
     0 | D:1      | 0 ||| qw: Game counter: 3100
     0 | D:1      | 0 ||| qw: Always use a shield: true
     0 | D:1      | 0 ||| qw: God list: Okawaru
     0 | D:1      | 0 ||| qw: Allow faded altars: false
     0 | D:1      | 0 ||| qw: Do Orc after D:15 true
     0 | D:1      | 0 ||| qw: Do second Lair branch before Depths: true
     0 | D:1      | 0 ||| qw: Lair rune preference: random
     0 | D:1      | 0 ||| qw: Plans: Normal
     0 | D:1      | 0 ||| PLANNING D:1-11
   155 | D:1      | Reached XP level 2. HP: 17/17 MP: 2/2
   222 | D:1      | Found a faded altar of an unknown god.
   617 | D:1      | Reached XP level 3. HP: 21/21 MP: 3/3
   777 | D:1      | 777 ||| UPGRADING to +0 ring mail.
   787 | D:1      | 787 ||| DROPPING +0 leather armour.
   788 | D:1      | 788 ||| READING 2 scrolls labelled HIBURR MAENE.
   789 | D:1      | 789 ||| READING scroll labelled USHREL RORPH.
   790 | D:1      | 790 ||| READING scroll labelled JEIKIO EKUOTOABE.
   791 | D:1      | 791 ||| READING scroll labelled ACICET FUHYEHE.
   792 | D:1      | 792 ||| DROPPING scroll of butterflies.
  1081 | D:2      | Reached skill level 1 in Armour
  1185 | D:2      | Reached skill level 5 in Ranged Weapons
  1538 | D:2      | 1538 ||| READING scroll labelled UGOCKA MYAZI.
  1539 | D:2      | 1539 ||| READING scroll labelled AZUELASMIN.
  1540 | D:2      | 1540 ||| READING 2 scrolls of identify.
  1540 | D:2      | 1540 ||| IDENTIFYING fuming puce potion
  1568 | D:3      | 1568 ||| PLANNING SEWER
  1580 | D:3      | 1580 ||| STAIRDANCE
  1728 | D:3      | Reached skill level 3 in Fighting
  1728 | D:3      | Reached XP level 4. HP: 25/28 MP: 4/4
  2055 | D:3      | Found a glowing drain.
  2058 | D:3      | 2058 ||| READING scroll labelled HUFRYU ATREZI.
  2058 | D:3      | Identified a scroll of acquirement
  2058 | D:3      | 2058 ||| ACQUIRING amulet of Ine Ynini {Faith +Blink rCorr
                  | Int-5 Dex+4}
  2058 | D:3      | Acquired the amulet of Ine Ynini {Faith +Blink rCorr Int-5
                  | Dex+4}
  2060 | D:3      | 2060 ||| UPGRADING to amulet of Ine Ynini {Faith +Blink
                  | rCorr Int-5 Dex+4}.
  2065 | D:3      | 2065 ||| READING scroll labelled VAAVAW DIGGA.
  2066 | D:3      | 2066 ||| READING scroll labelled INLATW ETEELUI.
  2069 | D:3      | 2069 ||| DRINKING 3 clear potions.
  2070 | D:3      | 2070 ||| DRINKING 2 lumpy yellow potions.
  2071 | D:3      | 2071 ||| DROPPING potion of degeneration.
  2186 | Sewer    | Entered a sewer
  2201 | Sewer    | Noticed Pargi
  2202 | Sewer    | 2202 ||| Stepping ~*~*~tactically~*~*~ (water).
  2216 | Sewer    | HP: 5/28 [Pargi (3)]
  2218 | Sewer    | HP: 2/28 [Pargi (3)]
  2220 | Sewer    | Slain by Pargi

Levels and vault maps discovered:
D:1:      enne_arrival_octagon_isle, layout_basic,
          shapermc_ecumenical_altar_venn, hex_large
D:2:      layout_basic, minmay_tree_intersection
D:3:      cheibrodos_fertilizer, layout_loops_corners,
          mainiacjoe_overflow_swirl, gup_sewer_entry_glass,
          mrwooster_statue_mirror, grunt_ministairs_1
Sewer:    sewer_co_pargi_island

Skill      XL: |  1  2  3 |
---------------+----------+-----
Armour         | 1 |  1.1
Ranged Weapons | 5 |  5.2
Fighting       | 3 |  3.1
Dodging        | |  1.5
Stealth        | |  1.1

Action                     |  1- 3 |  4- 6 || total
---------------------------+-------+-------++-------
   Fire: Shortbow          |   117 |    51 ||   168
    Use: Scroll            |     7 |     3 ||    10
         Potion            |       |     2 ||     2
 Armour: Leather armour    |     6 |       ||     6
         Ring mail         |    12 |    42 ||    54
  Dodge: Dodged            |    35 |    29 ||    64

Table legend:
 A = Non-vault XP
 B = Vault XP
 C = Vault XP percentage of total XP
 D = Non-vault monster count
 E = Vault monster count
 F = Vault count percentage of total count
                 A         B        C        D         E       F
            +---------+---------+-------+---------+---------+-------
      Total |     102 |      22 |  17.7 |      43 |       6 |  12.2
            +---------+---------+-------+---------+---------+-------
        D:1 |      35 |       0 |   0.0 |      20 |       0 |   0.0
        D:2 |      35 |       0 |   0.0 |      13 |       0 |   0.0
        D:3 |      32 |      22 |  40.7 |      10 |       6 |  37.5
            +---------+---------+-------+---------+---------+-------
